AoeStats
← 终是欧阳失了偏旁,奈何慕容只剩顶

Nomad

507261635Analyzed
4v4 RM · 16d ago on Sep 17, 2026· 44m 5s· 8 players
Game mode
Random Map
Map size
231×231
Population
200
Speed
Normal
Resources
Standard
Victory
Conquest
Starting age
Dark Age
Ending age
Imperial Age
RankedLock teamsTeams togetherTeam positionsShared explorationLock speedFull tech treeHidden civsTurbo modeCheats
Victory
Defeat
🇨🇳 Burgundians · China
1577
+9
🇨🇳 Armenians · China
1462
+13
🇬🇧 Aztecs · United Kingdom
1361
+17
🇨🇳 Hindustanis · China
1246
+22
🇸🇬 Teutons · Singapore
1434
-17
🇨🇳 Lithuanians · China
1402
-16
🇨🇳 Vikings · China
1360
-14
xrw
5:14 Loom
12:35 Feudal Age
11:48 Loom
13:12 Double-Bit Axe
13:16 Loom
14:25 Gold Mining
14:28 Fishing Lines
20:44 Castle Age
18:31 Horse Collar
24:36 Medium Warships
25:06 Scale Barding Armor
25:12 Forging
27:31 Iron Casting
27:37 Gillnets
28:50 Chain Barding Armor
30:23 Wheelbarrow
36:54 Imperial Age
37:26 Devotion
38:03 Conscription
38:21 Plate Barding Armor
39:52 Chemistry
39:26 Fletching
40:15 Padded Archer Armor
CNZS_溪超
4:15 Loom
15:33 Feudal Age
17:15 Fletching
18:26 Forging
20:28 Fishing Lines
24:46 Castle Age
22:53 Double-Bit Axe
29:27 Bodkin Arrow
34:49 Imperial Age
34:53 Scale Mail Armor
35:31 Forging
34:45 Pikeman
34:49 Man-at-Arms
35:05 Pikeman
35:07 Man-at-Arms
38:39 Gillnets
41:51 Stone Mining
41:52 Gold Mining
43:42 Gambesons
43:58 Squires
43:43 Arson
BraveHeart
5:41 Loom
12:25 Feudal Age
15:59 Fletching
22:03 Castle Age
23:13 Bodkin Arrow
25:20 Horse Collar
27:36 Scale Mail Armor
29:35 Gold Mining
38:29 Imperial Age
38:36 Imperial Age
36:46 Wheelbarrow
41:14 Town Watch
终是欧阳失了偏旁,奈何慕容只剩顶
4:09 Loom
13:03 Feudal Age
14:49 Double-Bit Axe
19:25 Castle Age
17:40 Fishing Lines
22:23 Wheelbarrow
26:20 Padded Archer Armor
26:12 Fletching
28:10 Gold Mining
35:57 Imperial Age
35:22 Ballistics
36:12 Thumb Ring
36:55 Bodkin Arrow
37:29 Conscription
37:51 Cuman Mercenaries
赤道大变了
5:24 Loom
14:39 Feudal Age
18:15 Castle Age
17:05 Fletching
18:03 Double-Bit Axe
28:54 Bodkin Arrow
29:34 Horse Collar
31:37 Wheelbarrow
31:48 Town Watch
33:14 Heavy Plow
38:58 Imperial Age
37:30 Gold Mining
37:54 Bow Saw
37:36 Stone Mining
38:03 Padded Archer Armor
38:38 Ballistics
38:42 Heavy Plow
39:49 Bracer
41:33 Chemistry
41:13 Leather Archer Armor
41:30 Murder Holes
43:03 Hand Cart
42:16 Elite Composite Bowman
马虎
5:31 Loom
15:37 Feudal Age
19:19 Castle Age
18:02 Scale Barding Armor
22:42 Double-Bit Axe
23:34 Light Cavalry
29:51 Bloodlines
31:21 Horse Collar
33:25 Wheelbarrow
34:19 Chain Barding Armor
35:45 Town Watch
38:27 Husbandry
Advanced Farming Research Centre
4:16 Loom
13:31 Feudal Age
13:45 Man-at-Arms
14:57 Arson
16:21 Scale Mail Armor
16:31 Forging
22:25 Castle Age
20:50 Gold Mining
20:51 Double-Bit Axe
22:56 Wheelbarrow
23:00 Long Swordsman
23:26 Gambesons
24:09 Squires
26:43 Bow Saw
29:00 Fletching
31:45 Bow Saw
32:08 Horse Collar
34:56 Redemption
36:53 Bodkin Arrow
37:43 Sanctity
38:13 Fervor
42:33 Imperial Age
42:41 Devotion
43:32 Block Printing
大空魔术师
7:07 Loom
14:13 Feudal Age
17:45 Castle Age
15:39 Double-Bit Axe
18:20 Bow Saw
18:48 Bow Saw
26:03 Scale Barding Armor
29:21 Horse Collar
31:27 Wheelbarrow
35:04 Imperial Age
34:31 Chain Barding Armor
36:32 Plate Barding Armor
36:39 Fletching
43:26 Forging
Connection lost

Rejoining the realm…

Still unreachable

The connection could not be restored.

Session expired

The server has moved on; the page needs a fresh start.